 Dungeon Crawl Stone Soup version 0.26-b1-32-g5d43845318 (webtiles) character file.

Game seed: 6359129174737274382

1045 Borgoz the Skirmisher (level 8, 0/69 HPs)
             Began as a Ghoul Gladiator on Jan 13, 2021.
             Slain by an orc warrior
             ... wielding a +0 mace
              (13 damage)
             ... on level 6 of the Dungeon.
             The game lasted 00:07:16 (5453 turns).

Borgoz the Skirmisher (Ghoul Gladiator)             Turns: 5453, Time: 00:07:16

Health: 0/69       AC: 13    Str: 19    XL:     8   Next: 25%
Magic:  7/7        EV: 13    Int:  3    God:
Gold:   256        SH:  0    Dex: 17    Spells: 7/7 levels left

rFire    . . .     SeeInvis .   a - +0 flail
rCold    + + .     Faith    .   (no shield)
rNeg     + + +     Spirit   .   E - +3 scale mail {rC+}
rPois    ∞         Reflect  .   c - +0 helmet
rElec    .         Harm     .   g - +0 cloak
rCorr    .         Rampage  .   (no gloves)
Will     +....                  b - +0 pair of boots
Stlth    ..........             y - amulet of the acrobat
HPRegen  0.00/turn              t - ring of willpower
MPRegen  0.10/turn              n - +6 ring of dexterity

@: about to teleport, very slightly contaminated
A: claws 1, cold resistance 1, negative energy resistance 3, inhibited
regeneration, torment resistance, unbreathing
a: no special abilities


You were on level 6 of the Dungeon.
You visited 1 branch of the dungeon, and saw 6 of its levels.

You collected 256 gold pieces.

Inventory:

Hand Weapons
 a - a +0 flail (weapon)
Missiles
 d - 2 throwing nets (quivered)
Armour
 b - a +0 pair of boots (worn)
 c - a +0 helmet (worn)
 g - a +0 cloak (worn)
 E - a +3 scale mail of cold resistance (worn)
Jewellery
 n - a +6 ring of dexterity (right claw)
 s - an uncursed ring of resist corrosion
 t - a ring of willpower (left claw)
 y - an amulet of the acrobat (around neck)
Wands
 r - a wand of flame (22)
 C - a wand of disintegration (12)
Scrolls
 f - a scroll of teleportation
 h - a scroll of enchant armour {unknown}
 m - a scroll of blinking
 u - 2 scrolls of remove curse
Potions
 i - 2 potions of magic {unknown}
 l - a potion of attraction {unknown}
 o - 2 potions of resistance
 w - 3 potions of curing
 x - a potion of flight


   Skills:
 * Level 5.5 Fighting
 * Level 5.1 Maces & Flails
 - Level 1.7 Throwing
 * Level 4.0 Armour
 * Level 5.0 Dodging


You had 7 spell levels left.
You didn't know any spells.
Your spell library contained the following spells:

 Spells                   Type           Power        Failure   Level
 Freeze                   Ice            0%           87%         1
 Frozen Ramparts          Ice            0%           99%         3
 Ozocubu's Armour         Ice            0%           99%         3
 Hailstorm                Conj/Ice       0%           100%        4
 Summon Ice Beast         Ice/Summ       0%           100%        4


Dungeon Overview and Level Annotations

Branches:
Dungeon (6/15)
 Temple: D:4-7

Altars:
Elyvilon
Gozag
Kikubaaqudgha
Makhleb
Ru
Yredelemnul


Innate Abilities, Weirdness & Mutations

You thrive by killing the living.
You are immune to poison.
You have sharp fingernails.
Your flesh is cold resistant. (rC+)
You are immune to negative energy. (rN+++)
You do not regenerate when monsters are visible.
You are immune to unholy pain and torment.
You can survive without breathing.


Message History

You fade into invisibility!
The orc warrior hits you with a +0 mace!
* * * LOW HITPOINT WARNING * * *
You are very lightly contaminated with residual magic.
A puff of flame appears from out of thin air!
The puff of flame hits the orc warrior but does no damage.
A magic dart appears from out of thin air!
The magic dart hits the orc warrior but does no damage.
The bullfrog releases a deep croak.
The orc warrior shouts!
A puff of flame appears from out of thin air!
The puff of flame misses the orc warrior.
The puff of flame hits you but does no damage.
You flicker for a moment.
A magic dart appears from out of thin air!
You flicker back into view.
As you read the scroll of teleportation, it crumbles to dust.
You feel strangely unstable.
The orc warrior hits you with a +0 mace!
You die...

#.#.#...... #
#.#.#.##.##.#
#.#.#.#...#.# # #
#.o....._.... .#.
###.#.#...#.# #.#
#F#.##.##.# #.#
#.#.......# # #.#
#.####.####.# #.#
#..o....o@..###.#
######F######...##########
#.......[#........<..
#####################


You could see an orc warrior, a bullfrog and an orc.

Vanquished Creatures
  Sigmund (D:5)
  Eustachio (D:5)
  The ghost of Borgoz the Cudgeller, an amateur GrGl (D:3)
  2 ogres
  A scorpion (D:5)
  A howler monkey (D:4)
  A hound (D:5)
  A centaur skeleton (D:4)
  Ijyb (D:5)
  3 iguanas (D:5)
  3 worker ants
  4 gnolls
  5 adders
  A shadow imp (D:5)
  A white imp (D:4)
  An ufetubus (D:6)
  4 dart slugs
  An orc (D:6)
  2 ball pythons
  4 giant cockroaches
  4 goblins
  A hobgoblin (D:3)
  6 jackals
  2 quokkas (D:2)
  5 bats
  6 frilled lizards
  6 kobolds
  8 rats
77 creatures vanquished.

Vanquished Creatures (others)
  9 fungi (D:2)
  3 toadstools (D:2)
12 creatures vanquished.

Grand Total: 89 creatures vanquished

Notes
Turn   | Place    | Note
-------+----------+-------------------------------------------
     0 | D:1      | Borgoz the Ghoul Gladiator began the quest for the Orb.
     0 | D:1      | Reached XP level 1. HP: 17/17 MP: 0/0
   252 | D:1      | Reached XP level 2. HP: 17/25 MP: 1/1
   951 | D:1      | Reached skill level 1 in Armour
   951 | D:1      | Reached XP level 3. HP: 13/30 MP: 2/2
  1587 | D:2      | Reached XP level 4. HP: 22/37 MP: 3/3
  2437 | D:3      | Found a runed translucent door.
  2449 | D:3      | Noticed Borgoz's ghost (amateur GrGl)
  2527 | D:3      | Noticed an ogre
  2534 | D:3      | Killed an ogre
  2535 | D:3      | Reached XP level 5. HP: 7/45 MP: 4/4
  3030 | D:4      | Reached XP level 6. HP: 52/52 MP: 5/5
  3151 | D:4      | Found a basalt altar of Yredelemnul.
  3172 | D:4      | HP: 1/52 [frilled lizard (2)]
  3404 | D:4      | Found a burning altar of Makhleb.
  3413 | D:4      | Noticed a cacodemon
  3416 | D:4      | Noticed an orange demon
  3416 | D:4      | Noticed a neqoxec
  4166 | D:3      | Killed Borgoz's ghost
  4167 | D:3      | Reached XP level 7. HP: 31/60 MP: 6/6
  4343 | D:5      | Entered Level 5 of the Dungeon
  4465 | D:5      | Noticed Sigmund
  4489 | D:5      | Killed Sigmund
  4490 | D:5      | Reached skill level 5 in Fighting
  4688 | D:5      | Noticed Ijyb
  4717 | D:5      | Killed Ijyb
  4718 | D:5      | Reached XP level 8. HP: 41/68 MP: 7/7
  4984 | D:5      | Noticed Eustachio
  4991 | D:5      | Killed Eustachio
  4992 | D:5      | Reached skill level 5 in Maces & Flails
  5033 | D:5      | Reached skill level 5 in Dodging
  5120 | D:5      | Found a white marble altar of Elyvilon.
  5123 | D:5      | Found an ancient bone altar of Kikubaaqudgha.
  5160 | D:5      | Found an opulent altar of Gozag.
  5374 | D:6      | Found a sacrificial altar of Ru.
  5453 | D:6      | Slain by an orc warrior

Illustrated notes

Levels and vault maps discovered:
D:1:      giann_wishing_wells, layout_basic, kennysheep_minor_cross
D:2:      layout_loops_ring, hangedman_decor_diamond_cutter,
          columned_hall_lemuel, minmay_gold_behind_fungi, dk_noncrumbling_4
D:3:      layout_rooms, ebering_ghost_reflecting_pool
D:4:      layout_basic, lemuel_round_altar, makhleb_altar_promises_db,
          chequers_serial_rivers_marsh, minmay_three_crescents
D:5:      layout_rooms, grunt_temple_overflow_diamond, uniq_ijyb, uniq_sigmund,
          uniq_eustachio
D:6:      layout_loops_cross, nicolae_ru_sacrificial_ziggurat,
          minmay_temple_entry_glassed_door, minivault_5

Skill      XL: |  1  2  3  4  5  6  7  8 |
---------------+-------------------------+-----
Maces & Flails | 3 4 5 |  5.1
Armour         | 1 2 3 4 |  4.0
Dodging        | 3 4 5 |  5.0
Fighting       | 3 4 5 |  5.5
Throwing       | |  1.7

Action                   |  1- 3 |  4- 6 |  7- 9 || total
-------------------------+-------+-------+-------++-------
Melee: Flail             |   147 |   136 |   120 ||   403
Throw: Throwing net      |     2 |     4 |       ||     6
  Use: Potion            |       |     2 |     4 ||     6
       Scroll            |       |       |    12 ||    12
 Stab: Held in net/web   |     1 |     1 |       ||     2
       Sleeping          |     1 |       |       ||     1
Armor: Leather armour    |    63 |       |       ||    63
       Scale mail        |       |    60 |    64 ||   124
Dodge: Dodged            |    86 |    88 |   111 ||   285
